 Dungeon Crawl Stone Soup version 0.31-a0-590-g8a5a4361df (webtiles) character file.

Game seed: 7898795418768627484

66728 Firecrotchwizard the Warrior (level 15, -6/92 HPs)
             Began as a Vine Stalker Monk on Aug 19, 2023.
             Was the Champion of Wu Jian.
             Mangled by a very large slime creature (9 damage)
             ... on level 12 of the Dungeon.
             The game lasted 00:58:38 (16806 turns).

Firecrotchwizard the Warrior (Vine Stalker Monk)   Turns: 16806, Time: 00:58:39

Health: -6/92      AC: 32    Str: 21    XL:     15   Next: 20%
Magic:  0/16       EV:  8    Int: 10    God:    Wu Jian [******]
Gold:   1456       SH:  0    Dex: 24    Spells: 14/14 levels left

rFire   . . .        W - +4 dagger (elec)
rCold   + . .        d - orb {light}
rNeg    + . .        V - +2 plate armour {rN+}
rPois   .            z - +2 helmet
rElec   .            N - +2 cloak
rCorr   +            X - +2 pair of gloves {Str+3}
SInv    +            y - +2 pair of boots
Will    ++...        Q - amulet of regeneration
Stlth   x              - ring of resist corrosion
HPRegen 1.95/turn    C - ring of the Fool {rC+ Will+ Str+4 SInv}
MPRegen 0.15/turn

%: guardian spirit
@: glowing, studying Poison Magic, serpent's lash
A: fangs 3, regeneration 1, magic shield, antimagic bite, no potion heal 2
a: Renounce Religion, Wall Jump, Serpent's Lash, Heavenly Storm


You were on level 12 of the Dungeon.
You worshipped Wu Jian.
Wu Jian was exalted by your worship.
You visited 3 branches of the dungeon, and saw 19 of its levels.

You collected 1840 gold pieces.
You spent 384 gold pieces at shops.

Inventory:

Hand Weapons
 k - a +4 dagger of venom
 q - a +2 vampiric dagger
 s - a +0 vampiric dagger
 w - a +2 dagger of speed
 D - the +8 trident of the Octopus King {venom, rElec rPois}
   (You found it on level 4 of the Dungeon)

   rElec:     It insulates you from electricity.
   rPois:     It protects you from poison
 F - the +8 short sword of Neprir {pain, rN+}
   (You found it on level 4 of the Dungeon)

   rN+:       It protects you from negative energy.
 W - a +4 dagger of electrocution (weapon)
Missiles
 B - 20 poisoned darts
Armour
 d - an orb of light (worn)
 y - a +2 pair of boots (worn)
 z - a +2 helmet (worn)
 N - a +2 cloak (worn)
 V - a +2 plate armour of positive energy (worn)
 X - a +2 pair of gloves of strength (worn)
Jewellery
 r - a ring of ice
 u - a +6 ring of intelligence
 x - a ring of resist corrosion (left hand)
 C - the ring of the Fool (right hand) {rC+ Will+ Str+4 SInv}
   (You found it on level 4 of the Dungeon)

   [ring of see invisible]

   Str+4:     It affects your strength (+4).
   rC+:       It protects you from cold.
   Will+:     It increases your willpower.
   SInv:      It lets you see invisible.
 E - a ring of fire
 Q - an amulet of regeneration (around neck)
Wands
 b - a wand of mindburst (25)
 e - a wand of charming (26)
 j - a wand of digging (6)
 l - a wand of acid (7)
 m - a wand of polymorph (1)
 H - a wand of roots (15)
Scrolls
 f - a scroll of fog
 g - a scroll of blinking
 i - 4 scrolls of identify
 t - a scroll of teleportation
 J - 3 scrolls of fear
 M - a scroll of immolation
 O - a scroll of poison
 P - 4 scrolls of amnesia
 R - a scroll of enchant armour
Potions
 a - 4 potions of attraction
 c - 2 potions of ambrosia
 h - 3 potions of mutation
 n - 2 potions of berserk rage
 o - a potion of cancellation {unknown}
 p - 2 potions of enlightenment {unknown}
 v - 2 potions of curing
 A - 2 potions of brilliance {unknown}
 G - 5 potions of might
 I - 4 potions of magic {unknown}
 K - a potion of haste {unknown}
 L - a potion of lignification {unknown}
 U - a potion of resistance {unknown}
Miscellaneous
 T - a phantom mirror


   Skills:
 + Level 16.6 Fighting
 - Level 11.0 Short Blades
 + Level 13.5 Armour
 - Level 2.4 Dodging


You had 14 spell levels left.
You didn't know any spells.
Your spell library contained the following spells:

 Spells                   Type           Power      Damage    Failure   Level
 Apportation              Tloc           0%         N/A       99%         1
 Kiss of Death            Conj/Necr      0%         2d5       99%         1
 Necrotise                Necr           0%         1d4       99%         1
 Shock                    Conj/Air       0%         1d3       99%         1
 Summon Small Mammal      Summ           0%         N/A       99%         1
 Ensorcelled Hibernation  Hex/Ice        0%         N/A       100%        2
 Passwall                 Tmut/Erth      0%         N/A       100%        2
 Static Discharge         Conj/Air       0%         2-2/arc   100%        2
 Sublimation of Blood     Necr           0%         N/A       100%        2
 Confusing Touch          Hex            0%         N/A       100%        3
 Swiftness                Air            0%         N/A       100%        3
 Vampiric Draining        Necr           0%         2d6       100%        3
 Airstrike                Air            0%         2d(0-16)  100%        4
 Dispel Undead            Necr           0%         3d6       100%        4
 Petrify                  Tmut/Erth      0%         N/A       100%        4
 Summon Lightning Spire   Summ/Air       0%         N/A       100%        4
 Agony                    Necr           0%         N/A       100%        5
 Irradiate                Conj/Tmut      0%         3d11      100%        5


Dungeon Overview and Level Annotations

Branches:
Dungeon (12/15)            Temple (0/1) D:6            Lair (5/5) D:9
  Swamp (0/4) Lair:3       Spider (0/4) Lair:2        Slime (0/5) Lair:5
    Orc (2/2) D:9             Elf (0/3) Orc:2

Altars:
Cheibriados
Gozag
Hepliaklqana
Okawaru
Qazlal
Sif Muna
Uskayaw
Wu Jian
Yredelemnul

Shops:
Orc:2 :=([?[

Annotations:
D:4 1 runed translucent door, Crazy Yiuf
D:11 2 runed translucent doors, LobsterGuardian's ghost, novice FeDe
Lair:5 1 runed translucent door, Suloph's ghost, journeyman MiFi


Innate Abilities, Weirdness & Mutations

You have razor-sharp teeth.
Your natural rate of healing is unusually fast.
When hurt, damage is shared between your health and your magic reserves.
Your bite disrupts and absorbs the magic of your enemies.
Potions cannot restore your health.


Message History

You drain its power.
The gargoyle is moderately damaged.
The gargoyle hits you but does no damage.
You hit the gargoyle but do no damage.
You bite the gargoyle, but do no damage.
The gargoyle is moderately damaged.
You hit the gargoyle. You bite the gargoyle. You drain its power.
The gargoyle is heavily damaged.
The gargoyle hits you with a +0 mace.
You hit the gargoyle but do no damage.
The gargoyle is heavily damaged.
You hit the gargoyle but do no damage.
The gargoyle is heavily damaged.
The gargoyle hits you but does no damage.
You hit the gargoyle but do no damage.
You bite the gargoyle, but do no damage.
The gargoyle is heavily damaged.
You hit the gargoyle but do no damage.
You bite the gargoyle, but do no damage.
The gargoyle is heavily damaged.
The gargoyle hits you but does no damage.
You puncture the gargoyle! You bite the gargoyle.
You destroy the gargoyle!
The Council accepts your kill.
No target in view!
No target in view!
No target in view!
No target in view!
No target in view!
No target in view!
No target in view!
No target in view!
No target in view!
No target in view!
No target in view!
You see here a +0 mace.
An unseen horror comes into view.
The unseen horror hits you but does no damage.
You lunge at the unseen horror, in a flurry of attacks.
You hit the unseen horror. You bite the unseen horror! You drain its power.
The unseen horror is heavily wounded.
You hit the unseen horror. You bite the unseen horror! You drain its power.
The unseen horror is almost dead.
The unseen horror closely misses you.
The unseen horror hits you but does no damage.
The unseen horror barely misses you.
You hit the unseen horror.
You kill the unseen horror!
The Council accepts your kill.
No target in view!
No target in view! 3 slime creatures come into view.
Found a stone staircase leading up.
The slime creature quivers. x3
You hit the slime creature.
Lightning courses through the slime creature!
You bite the slime creature. You drain its power.
The slime creature is moderately wounded.
You hit the slime creature.
Lightning courses through the slime creature!
You bite the slime creature! You drain its power.
The slime creature is severely wounded.
The slime creature hits you!
Two slime creatures merge to form a large slime creature.
Two slime creatures merge to form a very large slime creature.
You puncture the very large slime creature!
The very large slime creature is moderately wounded.
Unknown command.
You hit the very large slime creature. You bite the very large slime creature.
You drain its power.
You feel invigorated.
The very large slime creature is moderately wounded.
The very large slime creature attacks as you move away!
The very large slime creature hits you!!!
The very large slime creature attacks as you move away!
The very large slime creature hits you but does no damage.
The very large slime creature attacks as you move away!
The very large slime creature hits you!!!
* * * LOW MAGIC WARNING * * *
* * * LOW HITPOINT WARNING * * *
Okay, then.
Your muscles tense, ready for explosive movement...
You hit the very large slime creature.
Lightning courses through the very large slime creature!!
You bite the very large slime creature. You drain its power.
You feel invigorated.
The very large slime creature is moderately wounded.
You hit the very large slime creature but do no damage.
You bite the very large slime creature! You drain its power.
You feel invigorated.
The very large slime creature is heavily wounded.
The very large slime creature hits you!!
* * * LOW MAGIC WARNING * * *
* * * LOW HITPOINT WARNING * * *
Aiming: Polymorph
Press: ? - help, Shift-Dir - straight line, f - very large slime creature
Aim: a very large slime creature (heavily wounded, haloed, will probably split, will become a fire dragon, a skyshark, or a water nymph, chance to affect: 31%)
The very large slime creature easily resists.
The very large slime creature hits you!
* * * LOW MAGIC WARNING * * *
You die...

# ########## ##
#...)....#
.########.######@#
.............# #J#
.########.##.# #.#
.# #.# # #.# .#
#.##.###.# .#
#...<....# ##
###...#### #.. #.


You could see a very large slime creature.

Vanquished Creatures
  Jorgrun (Orc:1)
  6 hydras
  A catoblepas (Lair:2)
  2 boulder beetles
  A merfolk avatar (Lair:5)
  6 two-headed ogres
  Sonja (Orc:1)
  4 skysharks
  A sea snake (Lair:5)
  Pikel (D:8)
  An orc knight (Orc:1)
  A manticore (Lair:5)
  7 orc sorcerers
  A cyclops (D:12)
  Joseph (D:7)
  14 elephants
  Maurice (D:8)
  6 black mambas
  3 torpor snails
  3 unseen horrors
  A gargoyle (D:12)
  A kobold demonologist (D:11)
  12 cane toads
  Psyche (D:8)
  5 rime drakes
  12 komodo dragons
  2 polar bears
  2 hornets
  3 trolls
  6 blink frogs
  12 dream sheep
  4 culicivoras (Lair:2)
  2 wyverns
  A wraith (D:11)
  3 shadows
  80 yaks
  4 basilisks
  2 steam dragons
  6 wargs
  3 swamp worms (Lair:3)
  2 acid dragons
  Menkaure (D:4)
  13 water moccasins
  Duvessa (D:7)
  13 orc warriors
  A sky beast (D:8)
  2 black bears (D:5)
  6 ogres
  33 wolves
  2 centaurs
  2 phantoms
  7 bullfrogs
  4 scorpions
  7 wights (D:8)
  Dowan (D:7)
  13 killer bees
  A howler monkey (D:8)
  5 hounds
  2 jellies (D:7)
  18 orc priests
  A gnoll bouda (D:6)
  A sleepcap (D:5)
  3 iguanas
  Ijyb (D:5)
  46 orc wizards
  9 gnolls
  8 adders
  2 shadow imps
  2 white imps
  An ufetubus (D:5)
  A worm (D:2)
  3 dart slugs
  68 orcs
  10 endoplasms
  3 giant cockroaches
  5 goblins
  8 hobgoblins
  6 jackals
  9 kobolds
  6 quokkas
  5 ball pythons
  8 bats
  5 frilled lizards
  6 rats
  A spectral orc (D:3)
  4 butterflies (Lair:1)
580 creatures vanquished.

Vanquished Creatures (others)
  An orc wizard (Orc:2)
  An orc (Orc:2)
2 creatures vanquished.

Grand Total: 582 creatures vanquished

Notes
Turn   | Place    | Note
-------+----------+-------------------------------------------
     0 | D:1      | Firecrotchwizard the Vine Stalker Monk began the quest for
                  | the Orb.
     0 | D:1      | Reached XP level 1. HP: 11/11 MP: 2/2
   259 | D:1      | Reached XP level 2. HP: 16/16 MP: 3/3
   615 | D:1      | Reached skill level 3 in Fighting
  1004 | D:2      | Reached XP level 3. HP: 20/20 MP: 4/4
  1568 | D:2      | Gained mutation: Your natural rate of healing is unusually
                  | fast. [Vine Stalker growth]
  1568 | D:2      | Reached XP level 4. HP: 24/24 MP: 5/5
  1569 | D:2      | Found an ornate altar of the Wu Jian Council.
  1582 | D:2      | Became a worshipper of the Wu Jian Council
  1582 | D:2      | Reached * piety under Wu Jian
  1582 | D:2      | Reached ** piety under Wu Jian
  1874 | D:4      | Reached XP level 5. HP: 18/28 MP: 4/6
  1953 | D:3      | Found a stormy altar of Qazlal.
  2114 | D:3      | Found a hide-covered altar of Uskayaw.
  2176 | D:3      | Found a basalt altar of Yredelemnul.
  2351 | D:3      | Found a faded altar of an unknown god.
  2355 | D:3      | Found a shimmering blue altar of Sif Muna.
  2492 | D:4      | Noticed Menkaure
  2530 | D:4      | Killed Menkaure
  2531 | D:4      | Reached skill level 4 in Fighting
  2531 | D:4      | Reached skill level 5 in Short Blades
  2531 | D:4      | Reached XP level 6. HP: 33/33 MP: 7/7
  2620 | D:4      | Found a runed translucent door.
  2621 | D:4      | Noticed Crazy Yiuf
  2669 | D:4      | Reached *** piety under Wu Jian
  2673 | D:4      | Identified the ring of the Fool {rC+ Will+ Str+4 SInv}
  2752 | D:4      | Found a snail-covered altar of Cheibriados.
  2762 | D:4      | Found an opulent altar of Gozag.
  2779 | D:4      | Reached XP level 7. HP: 16/38 MP: 4/8
  2808 | D:4      | Found the +8 trident of the Octopus King {venom, rElec
                  | rPois}
  2956 | D:4      | Identified the +8 short sword of Neprir {pain, rN+}
  3331 | D:5      | Entered Level 5 of the Dungeon
  3457 | D:5      | Noticed Ijyb
  3471 | D:5      | Killed Ijyb
  3583 | D:5      | Reached skill level 5 in Fighting
  3655 | D:5      | Gained mutation: You have razor-sharp teeth. [Vine Stalker
                  | growth]
  3655 | D:5      | Reached XP level 8. HP: 19/43 MP: 7/9
  3998 | D:5      | Reached **** piety under Wu Jian
  4002 | D:5      | Reached skill level 6 in Fighting
  4511 | D:6      | Identified the +0 helmet of Instinct {Contam Harm Str+5
                  | Dex+3}
  4705 | D:6      | Noticed a yak
  4706 | D:6      | Noticed a yak
  4709 | D:6      | Noticed a yak
  4712 | D:6      | Noticed a yak
  4747 | D:6      | Found a staircase to the Ecumenical Temple.
  4764 | D:6      | Reached XP level 9. HP: 49/49 MP: 10/10
  4817 | D:6      | Reached skill level 7 in Fighting
  4944 | D:6      | You fall into a shaft and drop 1 floor!
  4945 | D:7      | Noticed Duvessa
  4945 | D:7      | Noticed Dowan
  4953 | D:7      | Killed Duvessa
  4955 | D:7      | Killed Dowan
  5041 | D:7      | Reached skill level 10 in Short Blades
  5047 | D:7      | Noticed Joseph
  5063 | D:7      | Killed Joseph
  5598 | D:8      | Noticed a two-headed ogre
  5605 | D:8      | Killed a two-headed ogre
  5606 | D:8      | Reached skill level 8 in Fighting
  5606 | D:8      | Reached XP level 10. HP: 44/56 MP: 11/11
  5624 | D:8      | Noticed Psyche
  5638 | D:8      | Killed Psyche
  5639 | D:8      | Reached skill level 1 in Armour
  5684 | D:8      | Noticed Pikel
  5697 | D:8      | Killed Pikel
  5785 | D:8      | Reached ***** piety under Wu Jian
  5954 | D:8      | Noticed Maurice
  5960 | D:8      | Killed Maurice
  5961 | D:8      | Reached skill level 9 in Fighting
  6356 | D:9      | Noticed an unseen horror
  6365 | D:9      | Killed an unseen horror
  6366 | D:9      | Reached XP level 11. HP: 43/63 MP: 10/12
  6491 | D:9      | Found a staircase to the Lair.
  6656 | D:9      | Found a staircase to the Orcish Mines.
  6676 | D:9      | Found an iron altar of Okawaru.
  6725 | D:9      | Found a hazy altar of Hepliaklqana.
  6770 | D:9      | Reached skill level 5 in Armour
  6870 | D:9      | Reached skill level 10 in Fighting
  6960 | D:9      | Identified the +8 sling "Peithri Athou" {drain, Stlth+}
  7345 | Lair:1   | Entered Level 1 of the Lair of Beasts
  7742 | Lair:1   | Reached skill level 11 in Fighting
  7813 | Lair:1   | Noticed a boulder beetle
  7864 | Lair:1   | Killed a boulder beetle
  7936 | Lair:1   | Reached XP level 12. HP: 70/70 MP: 13/13
  8092 | Lair:1   | Found a hide-covered altar of Uskayaw.
  8584 | Lair:2   | Reached skill level 12 in Fighting
  8845 | Lair:2   | Reached ****** piety under Wu Jian
  9409 | Lair:2   | Found a hole to the Spider Nest.
  9494 | Lair:2   | Noticed a catoblepas
  9527 | Lair:2   | Killed a catoblepas
  9786 | Lair:3   | Reached skill level 13 in Fighting
 10024 | Lair:3   | Reached XP level 13. HP: 77/77 MP: 14/14
 10368 | Lair:3   | Reached skill level 10 in Armour
 10819 | Lair:3   | Found a staircase to the Swamp.
 11112 | Lair:4   | Reached skill level 14 in Fighting
 11841 | Lair:4   | Found a runed translucent door.
 12139 | Lair:5   | Entered Level 5 of the Lair of Beasts
 12139 | Lair:5   | Found a gate leading to a gauntlet.
 12383 | Lair:5   | Reached XP level 14. HP: 83/84 MP: 15/15
 12460 | Lair:5   | Reached skill level 15 in Fighting
 12623 | Lair:5   | Found a runed translucent door.
 12626 | Lair:5   | Noticed Suloph's ghost (journeyman MiFi)
 12639 | Lair:5   | Found a staircase to the Slime Pits.
 12752 | Lair:5   | Identified the +2 robe of a bazaar {rC+}
 13159 | Lair:5   | HP: 3/86 [manticore (9)]
 13164 | Lair:5   | HP: 4/86 [manticore (5)]
 13769 | Orc:1    | Entered Level 1 of the Orcish Mines
 13984 | Orc:2    | Entered Level 2 of the Orcish Mines
 14007 | Orc:2    | Noticed Sonja
 14125 | Orc:1    | Killed Sonja
 14200 | Orc:2    | Found Itizooco's Antique Armour Shoppe.
 14200 | Orc:2    | Found Lonkik's Magic Scroll Shop.
 14228 | Orc:2    | Bought a pair of runed gloves for 180 gold pieces
 14255 | Orc:2    | Bought a scroll of blinking for 90 gold pieces
 14255 | Orc:2    | Bought a scroll of enchant armour for 90 gold pieces
 14255 | Orc:2    | Bought a scroll of identify for 24 gold pieces
 14304 | Orc:2    | Found Xekudghu's Armour Shop.
 14544 | Orc:2    | Found Gell's Book Emporium.
 14605 | Orc:2    | Found a staircase to the Elven Halls.
 14630 | Orc:2    | Found Osaxta's Weapon Shoppe.
 14646 | Orc:2    | Reached skill level 16 in Fighting
 14675 | Orc:2    | Found Qegot's Jewellery Shop.
 15093 | Orc:1    | Noticed Jorgrun
 15108 | Orc:1    | Killed Jorgrun
 15326 | D:10     | Entered Level 10 of the Dungeon
 15548 | D:10     | Reached XP level 15. HP: 75/91 MP: 14/16
 16023 | D:11     | Found a runed translucent door.
 16052 | D:11     | Noticed a lich
 16161 | D:11     | Found a runed translucent door.
 16186 | D:11     | Noticed LobsterGuardian's ghost (novice FeDe)
 16219 | D:11     | Identified the +6 short sword "Giuvury" {heavy, rN+ Str+3
                  | Int+3}
 16805 | D:12     | HP: 1/92 [very large slime creature (18)]
 16806 | D:12     | Mangled by a very large slime creature

Illustrated notes

Levels and vault maps discovered:
D:1:      mushboom_english_gardens, layout_basic
D:2:      layout_loops_ring, basic_altar, minmay_tall_x
D:3:      layout_basic, yredelemnul_forgotten_temple_becter,
          mainiacjoe_overflow_six_doors_small,
          nicolae_overflow_ecumenical_swirl, amcnicky_altar_gilded
D:4:      layout_loops_ring, mainiacjoe_overflow_boulevard,
          mainiacjoe_overflow_small_starburst, kennysheep_generic_room_13,
          uniq_crazy_yiuf_cottage, uniq_menkaure
D:5:      layout_loops_corners, minmay_manual_mail, uniq_ijyb
D:6:      layout_rooms, minmay_temple_entry_trees
D:7:      layout_loops_ring, kennysheep_generic_room_3, uniq_joseph,
          uniq_duvessa
D:8:      layout_basic, uniq_maurice, uniq_pikel, uniq_psyche
D:9:      layout_stronghold, general_overflow_altar,
          mainiacjoe_overflow_catwalk, lair_entry_dummy, orc_0_dummy
D:10:     layout_irregular_city, kennysheep_generic_room_7
D:11:     layout_rooms, muffindrake_ghost_dual_entry
D:12:     layout_loops_corners, hangedman_ranch
Lair:1:   layout_regular_city, basic_altar, lemuel_fruit_fields,
          lemuel_fruit_fields
Lair:2:   layout_chaotic_city, hellmonk_spider_entry_life_and_decay,
          grunt_forest_large_clearings
Lair:3:   layout_chaotic_city, palyth_hydra_swamp_entry, minivault_26,
          hibernation_bobbens
Lair:4:   layout_loops_ring, pf_torpor_hydra
Lair:5:   gammafunk_lair_ancient_temple, layout_regular_city, slime_entry_1,
          gammafunk_ghost_grave, gauntlet_entry_generic,
          infiniplex_staircase_pool_2
Orc:1:    layout_caves, serial_shops, mines_bat_river, uniq_jorgrun
Orc:2:    st_orc_town, layout_caves, serial_shops, shop, shop, basic_altar,
          uniq_sonja

Skill      XL: |  1  2  3  4  5  6  7  8  9 10 11 12 13 14 |
---------------+-------------------------------------------+-----
Short Blades   | 3 4 5 7 8 11 | 11.0
Fighting       | 3 4 5 6 8 9 11 13 14 16 | 16.6
Armour         | 4 7 9 11 13 | 13.5
Dodging        | |  2.4

Action                     |  1- 3 |  4- 6 |  7- 9 | 10-12 | 13-15 || total
---------------------------+-------+-------+-------+-------+-------++-------
  Melee: Short sword       |    87 |    77 |   231 |    47 |       ||   442
         Bite              |    30 |    63 |   101 |   345 |   695 ||  1234
         Dagger            |       |    96 |       |   732 |  1455 ||  2283
         Trident           |       |       |     8 |       |       ||     8
  Throw: Dart              |       |       |       |     6 |       ||     6
 Invoke: Serpent's Lash    |       |       |       |       |     5 ||     5
Ability: Whirlwind         |       |     7 |    17 |   106 |   347 ||   477
         Wall Jump         |       |     2 |       |     3 |     4 ||     9
         Lunge             |       |    10 |    18 |    34 |    63 ||   125
  Evoke: Wand              |       |       |       |       |    12 ||    12
    Use: Scroll            |       |       |     9 |    14 |     4 ||    27
         Potion            |       |       |       |       |     3 ||     3
 Armour: Robe              |     6 |       |       |       |       ||     6
         Ring mail         |     3 |    49 |    12 |       |       ||    64
         Leather armour    |       |       |    33 |   122 |     4 ||   159
         Chain mail        |       |       |       |       |   415 ||   415
         Plate armour      |       |       |       |       |   126 ||   126
  Dodge: Dodged            |    50 |    85 |   111 |   216 |   353 ||   815

Table legend: (Time is in decaauts)
 A = Elapsed time spent in this place.
 B = Non-inter-level travel time spent in this place.
 C = Inter-level travel time spent in this place.
 D = Time resting spent in this place.
 E = Time spent auto-exploring this place.
 F = Levels seen in this place.
 G = Mean time per level.
                   A        B        C        D        E       F      G
               +--------+--------+--------+--------+--------+-----+--------+
         Total |  16224 |  15062 |   1162 |   1044 |  11033 |  19 |  853.9 |
       Dungeon |   8828 |   8133 |    695 |    297 |   6446 |  12 |  735.7 |
          Lair |   5907 |   5593 |    314 |    646 |   3698 |   5 | 1181.4 |
  Orcish Mines |   1489 |   1337 |    152 |    101 |    889 |   2 |  744.5 |
               +--------+--------+--------+--------+--------+-----+--------+

Top non-repeatable levels by time:
  Lair:5: 1337 daAuts
  Lair:1: 1244 daAuts
     D:9: 1212 daAuts
  Lair:2: 1132 daAuts
  Lair:4: 1131 daAuts
     D:5: 1107 daAuts
  Lair:3: 1061 daAuts
     D:4: 1050 daAuts
     D:1: 969 daAuts
   Orc:2: 848 daAuts
     D:3: 743 daAuts
    D:10: 684 daAuts
     D:8: 682 daAuts
     D:2: 642 daAuts
   Orc:1: 640 daAuts
